[Event "Team 45 45 League T36"]
[Site "Internet Chess Club"]
[Date "2008.03.22"]
[Round "9"]
[White "Knight77"]
[Black "kevrose07"]
[Result "0-1"]
[WhiteElo "1899"]
[BlackElo "1949"]
[Opening "Réti: King's Indian attack"]
[ECO "A08"]
[Time "16:47:10"]
[TimeControl "2700+45"]

1. Nf3 d5 2. g3 c5 3. Bg2 Nc6 4. O-O Nf6 5. d3 Bg4 6. h3 Bh5 7. Nbd2 e6 8. c3
Bd6 9. e4 O-O 10. Re1 Qc7 11. Qe2 dxe4 12. dxe4 Nd7 13. g4 Bg6 14. Nc4 Be7 15.
e5 b5 16. Nd6 Bxd6 17. exd6 Qxd6 18. Rd1 Qc7 19. Qxb5 Rab8 20. Qa4 Nb6 21. Qf4
e5 22. Qg3 Na4 23. Re1 Rfe8 24. b3 Nxc3 25. Nxe5 Rxe5 26. Bf4 Rxe1+ 27. Rxe1 Qa5
28. Bxb8 Ne4 29. Rxe4 Bxe4 30. Qe3 Nxb8 31. Qxe4 Nd7 32. Qe8+ Nf8 33. Bd5 Qc7
34. Be4 g6 35. Bd5 Kg7 36. Qe3 Qd6 37. Qc3+ Kg8 38. Qf3 Qe7 39. Bc4 h6 40. h4
Nh7 41. Qg3 g5 42. h5 Nf6 43. Qd3 Nxg4 44. Qf5 Ne5 45. Bd5 Kg7 46. Be4 Qf6 47.
Qc8 Qf4 48. Bg2 Nd3 49. f3 Qg3 50. Qh3 Qe1+ 51. Bf1 Qf2+ 52. Kh1 Nf4 53. Qg4
Qxf1+ 54. Kh2 Qf2+ 55. Kh1 Ne2 56. Qg2 Qxg2+ 57. Kxg2 Nc1 58. Kf2 Nxa2 59. Ke3
Nc1 60. Kd2 Nxb3+ 61. Kc3 Nd4 62. Kc4 Ne6 {White resigns} 0-1

[Event "Team 45 45 League T36"]
[Site "Internet Chess Club"]
[Date "2008.03.22"]
[Round "9"]
[White "AntonioMendonca"]
[Black "kabindra"]
[Result "1-0"]
[WhiteElo "1783"]
[BlackElo "1790"]
[Opening "English opening"]
[ECO "A10"]
[Time "17:13:03"]
[TimeControl "2700+45"]

1. c4 b6 2. g3 Bb7 3. Nf3 Bxf3 4. exf3 c5 5. d4 cxd4 6. Qxd4 Nc6 7. Qd1 e6 8.
Nc3 Bb4 9. Bd2 Bxc3 10. Bxc3 Nf6 11. Qd6 Qe7 12. O-O-O Qxd6 13. Rxd6 Ke7 14. Rd1
Rhd8 15. Bd3 Rac8 16. b3 d5 17. Rhe1 a5 18. Kb2 d4 19. Bd2 h6 20. h4 Nb4 21. Bb1
Rc5 22. a3 Nc6 23. Bf4 b5 24. cxb5 Rxb5 25. Bd3 Rb7 26. Rc1 Kd7 27. Rc5 Nd5 28.
Rxd5+ Ke7 29. Rxd8 Nxd8 30. Rc1 Kf6 31. g4 e5 32. g5+ Ke6 33. Bd2 hxg5 34. hxg5
a4 35. b4 f6 36. g6 f5 37. Rc8 Rd7 38. Bb5 Rd6 39. Bxa4 Kf6 40. Be8 Ke7 41. Bf7
Nxf7 42. Rc7+ Kf6 43. gxf7 Rd8 44. a4 e4 45. fxe4 fxe4 46. b5 g5 47. b6 Rb8 48.
a5 g4 49. Bb4 e3 50. fxe3 dxe3 51. f8=Q+ Rxf8 52. Bxf8 g3 53. Rc1 e2 54. Bc5 Kf5
55. b7 Ke4 56. b8=Q Kd3 {Black resigns} 1-0

[Event "Team 45 45 League T36"]
[Site "Internet Chess Club"]
[Date "2008.03.20"]
[Round "9"]
[White "jaybird"]
[Black "Mikey29a"]
[Result "0-1"]
[WhiteElo "1727"]
[BlackElo "1694"]
[Opening "Queen's pawn game"]
[ECO "E60"]
[Time "19:06:11"]
[TimeControl "2700+45"]

1. d4 Nf6 2. e3 g6 3. c4 Bg7 4. Nc3 O-O 5. Bd3 d6 6. Nge2 Nfd7 7. O-O e5 8. b4
Nc6 9. b5 Ne7 10. Rb1 f5 11. f3 g5 12. Qb3 Kh8 13. Bd2 f4 14. a4 Nf5 15. Bxf5
Rxf5 16. e4 Rf8 17. dxe5 dxe5 18. Rfd1 h5 19. Nd5 g4 20. Bb4 Rf7 21. c5 Qg5 22.
Nxc7 gxf3 23. Qxf3 Nxc5 24. Bxc5 Rxc7 25. Rbc1 Bg4 26. Qf2 Bxe2 27. Qxe2 Rac8
28. Ba3 f3 29. Qd2 Qxd2 30. Rxd2 Rxc1+ 31. Bxc1 Rxc1+ 32. Kf2 fxg2 33. Kxg2 Rc7
34. Kh3 Bf6 35. Rd6 Kg7 36. b6 axb6 37. Rxb6 Kg6 38. a5 Kg5 39. Rb4 Kf4 40. Kg2
Rc2+ 41. Kg1 Rc7 42. Kg2 Bd8 43. Ra4 Rc2+ 44. Kh3 Re2 45. a6 bxa6 46. Rxa6 Rxe4
47. Rd6 Bg5 48. Re6 Re2 49. Rf6+ Ke4 50. Rg6 Bf4 {White resigns} 0-1

[Event "Team 45 45 League T36"]
[Site "Internet Chess Club"]
[Date "2008.03.22"]
[Round "9"]
[White "shakkiipe"]
[Black "tammany"]
[Result "1/2-1/2"]
[WhiteElo "1713"]
[BlackElo "1617"]
[Opening "English opening"]
[ECO "A20"]
[Time "14:00:19"]
[TimeControl "2700+45"]

1. c4 e5 2. g3 Nf6 3. Bg2 d5 4. cxd5 Nxd5 5. Nf3 Nc6 6. O-O Be7 7. d4 exd4 8.
Nxd4 Nxd4 9. Qxd4 Nf6 10. Qa4+ c6 11. Rd1 Bd7 12. Nc3 O-O 13. Qb3 Qc8 14. e4 Be6
15. Qc2 Rd8 16. Bf4 Nh5 17. Be3 Bh3 18. Rxd8+ Bxd8 19. Qd1 Bxg2 20. Kxg2 Nf6 21.
Qb3 Ba5 22. f3 Qc7 23. Rc1 a6 24. Nd5 Nxd5 25. exd5 Re8 26. dxc6 bxc6 27. Bf4
Qa7 28. Qd3 Qb6 29. b3 h6 30. Qc4 g5 31. Bd6 Qe3 32. Rc2 Qe1 33. Bc5 Bd2 34. Bf2
Re2 35. Qc5 Qd1 36. Qc4 Qe1 37. Qc5 Qd1 38. Qc4 Qe1 39. Qc5 Qd1 40. Qc4 Qe1
{Game drawn by repetition} 1/2-1/2

[Event "Team 45 45 League T36"]
[Site "Internet Chess Club"]
[Date "2008.03.25"]
[Round "9"]
[White "searchforbobby1"]
[Black "andreip"]
[Result "1/2-1/2"]
[WhiteElo "2103"]
[BlackElo "2069"]
[Opening "Ruy Lopez: classical defense, Benelux variation"]
[ECO "C65"]
[Time "20:11:08"]
[TimeControl "2700+45"]

1. e4 e5 2. Nf3 Nc6 3. Bb5 Nf6 4. O-O Bc5 5. c3 Bb6 6. d4 O-O 7. Bg5 h6 8. Bh4
exd4 9. e5 g5 10. Bxc6 dxc6 11. Nxg5 dxc3 12. Qxd8 Rxd8 13. Nxc3 Nd5 14. Nge4
Nxc3 15. Nxc3 Rd2 16. Rad1 Rxd1 17. Rxd1 Be6 18. Rd3 a5 19. Rg3+ Kh7 20. Ne4 Bd4
21. Nf6+ Kh8 22. Ng4 Rg8 23. Bf6+ Kh7 24. h3 Bxg4 25. hxg4 b5 26. b3 c5 27. Kf1
a4 28. bxa4 bxa4 29. Ra3 Rxg4 30. Rxa4 Rg8 31. Ra3 h5 32. Rh3 Kh6 33. f3 Ra8 34.
g4 Rxa2 35. Rxh5+ Kg6 36. Rh8 Rf2+ 37. Ke1 Rxf3 38. Rg8+ Kh6 39. Ke2 Rf2+ 40.
Kd3 c6 41. Rh8+ Kg6 42. Rg8+ Kh6 43. Rg7 Rf4 44. g5+ Kh5 45. Rxf7 Kg6 46. Rf8
c4+ 47. Kc2 Bxe5 48. Rg8+ Kf5 49. Bxe5 Kxe5 50. g6 Rg4 {Game drawn by mutual
agreement} 1/2-1/2

[Event "Team 45 45 League T36"]
[Site "Internet Chess Club"]
[Date "2008.03.23"]
[Round "9"]
[White "primerpaso"]
[Black "keisher415"]
[Result "0-1"]
[WhiteElo "1804"]
[BlackElo "2010"]
[Opening "English: closed system"]
[ECO "A25"]
[Time "20:01:02"]
[TimeControl "2700+45"]

1. c4 e5 2. Nc3 Nc6 3. g3 g6 4. Bg2 Bg7 5. e3 Nf6 6. Nge2 O-O 7. d3 d6 8. O-O
Bf5 9. h3 a5 10. a3 Qc8 11. Kh2 Nd7 12. Rb1 Nc5 13. e4 Bd7 14. Be3 Nd4 15. b4
axb4 16. axb4 Nce6 17. Qc1 Qb8 18. Bh6 b5 19. Nxd4 Nxd4 20. Bxg7 Kxg7 21. Qb2
bxc4 22. dxc4 Be6 23. Nd5 c6 24. Ne3 Qa7 25. Rfd1 Rfb8 26. Bf1 Qb6 27. Kg2 Ra4
28. b5 cxb5 29. cxb5 Qb7 30. Bd3 f5 31. Rd2 fxe4 32. Bc2 Ra2 33. Qb4 Nxc2 34.
Rxc2 Rxc2 35. Nxc2 e3+ 36. f3 Rf8 37. Rf1 Qc8 38. Nxe3 Bxh3+ 39. Kf2 Bxf1 40.
Nxf1 Qc5+ 41. Qxc5 dxc5 42. Nd2 Rb8 43. Nc4 Rxb5 44. Nxe5 Kf6 45. f4 Ke6 46. Ke2
Rb3 47. g4 Kd5 48. Nd7 c4 49. Nf6+ Kd4 50. Nxh7 Rb2+ {White resigns} 0-1

[Event "Team 45 45 League T36"]
[Site "Internet Chess Club"]
[Date "2008.03.24"]
[Round "9"]
[White "Archdruid"]
[Black "gugamircea"]
[Result "0-1"]
[WhiteElo "1674"]
[BlackElo "1742"]
[Opening "Queen's pawn game"]
[ECO "D02"]
[Time "13:02:26"]
[TimeControl "2700+45"]

1. d4 d5 2. Nf3 e6 3. Bf4 Nf6 4. e3 Be7 5. Bd3 Nh5 6. Bg3 Nxg3 7. hxg3 h6 8. Ne5
Nd7 9. Qh5 Nxe5 10. dxe5 c5 11. Qg4 g6 12. Qa4+ Kf8 13. Qf4 Kg7 14. Nd2 Qb6 15.
Rb1 c4 16. Be2 f5 17. exf6+ Bxf6 18. e4 Bd7 19. e5 Bg5 20. Qg4 Raf8 21. f4 Be7
22. Qf3 Qa5 23. a3 b5 24. Kd1 b4 25. axb4 Bxb4 26. Nf1 Rb8 27. Kc1 c3 28. Bd3
cxb2+ 29. Kd1 h5 30. Ke2 Bb5 31. Rxb2 Qa1 32. Rxb4 Bxd3+ 33. Qxd3 Rxb4 34. Rh3
Re4+ 35. Ne3 Rb8 36. g4 hxg4 37. Rg3 Rxf4 38. Nxg4 Qf1+ 39. Kd2 Qxd3+ 40. Kxd3
Rbb4 41. Nh2 a5 42. Nf3 Rg4 43. Rxg4 Rxg4 44. Ne1 Kf7 45. Kc3 Ke7 46. Kb3 Kd7
47. c3 Kc6 48. Ka3 Kb5 49. Kb3 a4+ 50. Kb2 Re4 51. Nf3 Re2+ 52. Ka3 Ka5 53. Nd4
Rxg2 54. Nxe6 Rc2 55. Nf4 Rxc3+ 56. Kb2 Re3 57. Nxg6 Kb4 58. Nf4 a3+ 59. Ka2 Kc4
60. e6 d4 61. e7 Rxe7 62. Kxa3 Rb7 63. Ng2 Kc3 64. Ka4 d3 65. Ne3 d2 66. Nd1+
Kc2 67. Ne3+ Kc1 68. Ka3 d1=Q 69. Nxd1 Kxd1 70. Ka4 Kc2 71. Ka5 Kc3 72. Ka6 Rb2
73. Ka5 Kc4 74. Ka6 Kc5 {White resigns} 0-1

[Event "Team 45 45 League T36"]
[Site "Internet Chess Club"]
[Date "2008.03.22"]
[Round "9"]
[White "Victorianum"]
[Black "OOB1"]
[Result "1-0"]
[WhiteElo "1728"]
[BlackElo "1555"]
[Opening "Sicilian: Smith-Morra gambit"]
[ECO "B21"]
[Time "15:13:30"]
[TimeControl "2700+45"]

1. e4 c5 2. d4 cxd4 3. c3 dxc3 4. Nxc3 Nc6 5. Nf3 e5 6. Bc4 Be7 7. Qd5 Qc7 8.
Qxf7+ Kd8 9. Qxg7 Nd4 10. Nxd4 exd4 11. Bxg8 dxc3 12. Qxh8 Qd6 13. Bd5+ Kc7 14.
Qxc3+ Kd8 15. Qh8+ Bf8 16. O-O Qe7 17. Bh6 Ke8 18. Bxf8 Qxf8 19. Qxf8+ Kxf8 20.
Rac1 Ke7 21. Rc7 Rb8 22. Rfc1 Kd8 23. f4 h6 24. f5 d6 25. f6 Bd7 26. Rxb7 Rxb7
27. Bxb7 Ke8 28. Bd5 a6 29. f7+ Ke7 30. Rc7 {Black resigns} 1-0

[Event "Team 45 45 League T36"]
[Site "Internet Chess Club"]
[Date "2008.03.23"]
[Round "9"]
[White "DctSccr"]
[Black "syy89"]
[Result "1-0"]
[WhiteElo "2216"]
[BlackElo "2113"]
[Opening "King's Indian: fianchetto, classical variation, 8.e4"]
[ECO "E68"]
[Time "13:03:16"]
[TimeControl "2700+45"]

1. d4 Nf6 2. c4 g6 3. g3 Bg7 4. Bg2 d6 5. Nf3 O-O 6. O-O Nbd7 7. Nc3 e5 8. e4
exd4 9. Nxd4 Re8 10. h3 a6 11. Re1 Rb8 12. a4 Nc5 13. Rb1 a5 14. Bf4 Nfd7 15. b3
Ne5 16. Re2 Qe7 17. Rd2 Ne6 18. Nd5 Qd8 19. Be3 Nc6 20. Nb5 Ne7 21. Ndxc7 {Black
resigns} 1-0

[Event "Team 45 45 League T36"]
[Site "Internet Chess Club"]
[Date "2008.03.22"]
[Round "9"]
[White "elnik"]
[Black "andreip"]
[Result "1/2-1/2"]
[WhiteElo "1931"]
[BlackElo "2067"]
[Opening "QGD: 4.Nf3"]
[ECO "D37"]
[Time "02:15:26"]
[TimeControl "2700+45"]

1. d4 d5 2. Nf3 Nf6 3. c4 e6 4. Nc3 Nc6 5. Bg5 Be7 6. e3 O-O 7. Rc1 a6 8. Bd3 h6
9. Bh4 dxc4 10. Bxc4 b5 11. Bd3 Bb7 12. Bxf6 Bxf6 13. Ne4 Nb4 14. Bb1 Bxe4 15.
Bxe4 Nd5 16. O-O Rc8 17. Qb3 c6 18. Rc2 Qb6 19. Rfc1 Rc7 20. Ne1 a5 21. a3 a4
22. Qa2 Rfc8 23. Nd3 Be7 24. Nc5 Nf6 25. Bf3 Bxc5 26. Rxc5 Nd7 27. R5c3 c5 28.
dxc5 Rxc5 29. Rxc5 Rxc5 30. Rxc5 Qxc5 31. Qb1 b4 32. axb4 Qxb4 33. Qc1 g6 {Game
drawn by mutual agreement} 1/2-1/2

[Event "Team 45 45 League T36"]
[Site "Internet Chess Club"]
[Date "2008.03.24"]
[Round "9"]
[White "gezira"]
[Black "azbycx"]
[Result "1-0"]
[WhiteElo "2224"]
[BlackElo "1858"]
[Opening "Sicilian: Najdorf, Byrne (English) attack"]
[ECO "B90"]
[Time "19:04:27"]
[TimeControl "2700+45"]

1. e4 c5 2. Nf3 d6 3. d4 cxd4 4. Nxd4 Nf6 5. Nc3 a6 6. Be3 Ng4 7. Bg5 h6 8. Bh4
g5 9. Bg3 Bg7 10. h3 Ne5 11. Qd2 b5 12. O-O-O Bb7 13. Nf5 Bf6 14. h4 Nbd7 15.
hxg5 hxg5 16. Rxh8+ Bxh8 17. Qxg5 Bf6 18. Qg8+ Nf8 19. Nxb5 axb5 20. Bxe5 Bxe5
21. Bxb5+ Qd7 22. Bxd7+ Kxd7 23. Qxf7 {Black resigns} 1-0

[Event "Team 45 45 League T36"]
[Site "Internet Chess Club"]
[Date "2008.03.24"]
[Round "9"]
[White "deathmage"]
[Black "viking99"]
[Result "0-1"]
[WhiteElo "1689"]
[BlackElo "1831"]
[Opening "French: King's Indian attack"]
[ECO "C00"]
[Time "16:10:29"]
[TimeControl "2700+45"]

1. e4 e6 2. d3 d5 3. Nd2 Nf6 4. Ngf3 Bb4 5. c3 Be7 6. g3 dxe4 7. dxe4 O-O 8. Bg2
Qd3 9. Nd4 Qa6 10. e5 Nfd7 11. f4 c5 12. Bf1 Qb6 13. Nc4 Qc7 14. Nf3 Rd8 15. Qc2
b5 16. Ncd2 a6 17. Bg2 Bb7 18. O-O Nc6 19. Ne4 Nb6 20. b3 Nd5 21. Bd2 Rd7 22.
Nfg5 h6 23. Nf6+ Nxf6 24. exf6 hxg5 25. fxe7 Nxe7 26. fxg5 Rad8 27. Rad1 c4 28.
Bf4 Qc5+ 29. Kh1 Bxg2+ 30. Kxg2 cxb3 31. axb3 Nd5 32. Bd2 Ne3+ 33. Bxe3 Qxe3 34.
Rde1 Rd2+ 35. Qxd2 Rxd2+ 36. Kh3 Qxg5 {White resigns} 0-1

[Event "Team 45 45 League T36"]
[Site "Internet Chess Club"]
[Date "2008.03.22"]
[Round "9"]
[White "cappelo-upgrate"]
[Black "Terte"]
[Result "1-0"]
[WhiteElo "2125"]
[BlackElo "2142"]
[Opening "King's Indian: Sämisch variation"]
[ECO "E80"]
[Time "09:55:37"]
[TimeControl "2700+45"]

1. d4 Nf6 2. c4 g6 3. Nc3 Bg7 4. e4 d6 5. f3 Nc6 6. d5 Ne5 7. f4 Ned7 8. Nf3 O-O
9. Be2 c6 10. Be3 Qa5 11. O-O Nc5 12. Qb1 cxd5 13. cxd5 Ng4 14. Bd4 Bxd4+ 15.
Nxd4 Qb4 16. Ndb5 a6 17. a3 Qa5 18. Nd4 Qb6 19. Kh1 a5 20. b3 e5 21. dxe6 Nxe6
22. Bxg4 Nxd4 23. Nd5 Qd8 24. Bxc8 Rxc8 25. Qb2 Ne6 26. f5 Ng7 27. f6 Ne6 28.
Ne7+ Kh8 29. Nxc8 Qxc8 30. b4 Qc4 31. Rfe1 a4 32. Rac1 Qb5 33. Red1 Nf4 34. Rxd6
Nd3 35. Qe2 Qg5 36. Rd1 Nf4 37. Qd2 h5 38. Rd4 Kh7 39. e5 Ne6 40. Qxg5 Nxg5 41.
h4 Ne6 42. Rd7 b5 43. R1d5 g5 44. Rxb5 Kg6 45. hxg5 Kxg5 46. Ra7 Kg4 47. Kh2 h4
48. Rxa4 h3 49. gxh3+ Kf3 50. Rd5 Nf4 51. Rd1 Rc8 52. Rf1+ Ke3 53. b5 Rc2+ 54.
Kh1 Nxh3 55. e6 Nf2+ 56. Kg2 Ne4+ 57. Kg1 Ng3 58. exf7 Ne2+ 59. Kg2 Nf4+ 60. Kh1
Ng6 61. Rg1 {Black forfeits on time} 1-0

[Event "Team 45 45 League T36"]
[Site "Internet Chess Club"]
[Date "2008.03.22"]
[Round "9"]
[White "primerpaso"]
[Black "JoshuaFranzj"]
[Result "1/2-1/2"]
[WhiteElo "1812"]
[BlackElo "1874"]
[Opening "English: Caro-Kann defensive system"]
[ECO "A11"]
[Time "18:00:10"]
[TimeControl "2700+45"]

1. c4 c6 2. Nc3 d5 3. cxd5 cxd5 4. d4 Nc6 5. Nf3 Bf5 6. Bf4 e6 7. e3 Bb4 8. Bd3
Bxc3+ 9. bxc3 Bxd3 10. Qxd3 Nge7 11. O-O Ng6 12. Bg3 O-O 13. c4 dxc4 14. Qxc4
Rc8 15. Rfc1 Nce5 16. Qb5 Nxf3+ 17. gxf3 b6 18. Rc4 Rxc4 19. Qxc4 Ne7 20. Bh4
Re8 21. Rc1 Qd6 22. Bxe7 Qxe7 23. Qc6 f5 24. Qc7 Kf7 25. Qe5 Rd8 26. Rc6 Rd7 27.
e4 Qg5+ 28. Kh1 Qf6 29. exf5 Qxe5 30. dxe5 Re7 31. fxe6+ Rxe6 32. Rc7+ Re7 33.
Rxe7+ Kxe7 34. f4 Ke6 35. Kg2 b5 36. Kf3 Kd5 37. h4 g6 38. Ke3 b4 39. Kd3 a5 40.
Kc2 a4 41. Kd3 h6 42. Kc2 h5 43. Kd3 Kc5 44. Kc2 Kd5 45. Kd3 {Game drawn by
mutual agreement} 1/2-1/2

[Event "Team 45 45 League T36"]
[Site "Internet Chess Club"]
[Date "2008.03.22"]
[Round "9"]
[White "badmove"]
[Black "az2112"]
[Result "0-1"]
[WhiteElo "1646"]
[BlackElo "1735"]
[Opening "Bird's opening"]
[ECO "A03"]
[Time "14:09:14"]
[TimeControl "2700+45"]

1. f4 d5 2. Nf3 c5 3. g3 Nf6 4. Bg2 Nc6 5. d3 g6 6. O-O Bg7 7. c3 O-O 8. Qe1 b6
9. e4 dxe4 10. dxe4 e5 11. fxe5 Ng4 12. Qd1 Qc7 13. Bf4 Ngxe5 14. Qe2 Bg4 15. h3
Bxf3 16. Bxf3 Nxf3+ 17. Qxf3 Qd7 18. Kg2 Rad8 19. Na3 Ne5 20. Bxe5 Bxe5 21. Nc4
Rde8 22. Rad1 Qc7 23. Nxe5 Rxe5 24. Rd5 Rfe8 25. Rxe5 Rxe5 26. Qf4 Qe7 27. Re1
f5 28. Kf3 fxe4+ 29. Rxe4 Rxe4 30. Qxe4 Qf7+ 31. Ke3 Qxa2 32. Qe8+ Kg7 33. Qe5+
Kf7 34. Qc7+ Kf6 35. Qd8+ Ke5 36. Qg5+ Kd6 37. Qf4+ Kc6 38. Qe4+ Kb5 39. Qe8+
Ka5 40. Qa8 Qxb2 41. Qxa7+ Kb5 42. Qd7+ Kc4 43. Qd3+ Kb3 44. c4+ Qc3 45. g4 g5
46. Ke4 Qxd3+ 47. Kxd3 h6 48. Ke4 Kxc4 49. Kf5 Kd5 50. Kg6 Ke6 51. Kxh6 Kf6 52.
h4 gxh4 53. g5+ Kf5 54. g6 h3 55. g7 h2 {White resigns} 0-1

[Event "Team 45 45 League T36"]
[Site "Internet Chess Club"]
[Date "2008.03.22"]
[Round "9"]
[White "Chess2Play"]
[Black "BHogan"]
[Result "1-0"]
[WhiteElo "1640"]
[BlackElo "1638"]
[Opening "QGD semi-Slav: Meran, Wade variation"]
[ECO "D47"]
[Time "21:02:10"]
[TimeControl "2700+45"]

1. d4 d5 2. c4 c6 3. Nc3 e6 4. e3 Nf6 5. Nf3 Nbd7 6. Bd3 dxc4 7. Bxc4 b5 8. Bd3
Bb7 9. O-O Qb6 10. b3 Bd6 11. Bb2 Qc7 12. h3 O-O 13. Rc1 a6 14. e4 e5 15. Nd5
Nxd5 16. exd5 exd4 17. dxc6 Bxc6 18. Nxd4 Nc5 19. Nxc6 Qxc6 20. b4 Rac8 21. bxc5
Bxc5 22. Ba3 Qb6 23. Qh5 f5 24. Bxf5 {Black resigns} 1-0

[Event "Team 45 45 League T36"]
[Site "Internet Chess Club"]
[Date "2008.03.20"]
[Round "9"]
[White "SATELLITE-DAN"]
[Black "NaoXidnan"]
[Result "1-0"]
[WhiteElo "1650"]
[BlackElo "1589"]
[Opening "English opening"]
[ECO "A10"]
[Time "23:03:16"]
[TimeControl "2700+45"]

1. c4 g6 2. Nf3 Bg7 3. d4 d5 4. cxd5 Qxd5 5. Nc3 Qd8 6. e4 Nf6 7. Bc4 Bg4 8. Be3
O-O 9. O-O Nc6 10. e5 Nd7 11. h3 Bxf3 12. Qxf3 Nb6 13. Bd5 Nxd5 14. Qxd5 e6 15.
Qe4 Qd7 16. f4 Rab8 17. g4 Ne7 18. Rf2 c6 19. Raf1 Nd5 20. Nxd5 cxd5 21. Qg2 Bh6
22. g5 Bg7 23. h4 Rbc8 24. Qg4 Qb5 25. h5 Qd3 26. Rf3 Rc2 27. hxg6 fxg6 28.
Qxe6+ Kh8 29. Qxd5 Re2 30. Bf2 Qf5 31. Kh2 Rxb2 32. Kg3 b6 33. Rc1 Rd2 34. Rc7
Rd1 35. Qd7 Qxd7 36. Rxd7 a5 37. e6 Re8 38. d5 Rd2 39. Bxb6 Rxa2 40. Rd8 Rxd8
41. Bxd8 Re2 42. Bf6 Kg8 43. Rc3 Bxf6 44. gxf6 h5 45. Rc8+ Kh7 46. f7 Re3+ 47.
Kf2 Ra3 48. f8=Q Ra2+ 49. Ke3 g5 50. Rc7+ Kg6 51. Qf7+ Kh6 52. Qg7# {Black
checkmated} 1-0

[Event "Team 45 45 League T36"]
[Site "Internet Chess Club"]
[Date "2008.03.21"]
[Round "9"]
[White "Toalla"]
[Black "nanning"]
[Result "0-1"]
[WhiteElo "1360"]
[BlackElo "1642"]
[Opening "English: Neo-Catalan"]
[ECO "A13"]
[Time "09:08:25"]
[TimeControl "2700+45"]

1. Nf3 Nf6 2. g3 e6 3. c4 d5 4. Bg2 c6 5. d4 Bb4+ 6. Nbd2 O-O 7. O-O b6 8. a3
Be7 9. Re1 Bb7 10. Qc2 c5 11. Ne5 cxd4 12. b4 Nbd7 13. Nxd7 Qxd7 14. Bb2 Rac8
15. Bxd4 dxc4 16. Bc3 Bxg2 17. Kxg2 Nd5 18. e4 Nxc3 19. Qxc3 Rfd8 20. Rad1 Qa4
21. Qc1 c3 22. Nb1 Rxd1 23. Qxd1 Qxd1 24. Rxd1 Bf6 25. Rc1 c2 26. Nd2 Bb2 27.
Nb3 Bxc1 28. Nxc1 Rc3 29. Kf1 Rxa3 30. Ke2 Rc3 31. Kd2 Rc4 32. f3 Kf8 33. Kd3
Rc7 34. h3 e5 35. g4 a5 36. bxa5 bxa5 37. Kd2 a4 38. Na2 a3 39. Kc1 Ke7 40. Nb4
Kd6 41. Nxc2 Rc3 {White resigns} 0-1

[Event "Team 45 45 League T36"]
[Site "Internet Chess Club"]
[Date "2008.03.22"]
[Round "9"]
[White "b-spot"]
[Black "parrot9"]
[Result "1-0"]
[WhiteElo "1746"]
[BlackElo "1712"]
[Opening "QGD"]
[ECO "D52"]
[Time "11:02:14"]
[TimeControl "2700+45"]

1. d4 d5 2. c4 c6 3. Nf3 Nf6 4. Nc3 e6 5. Bg5 Nbd7 6. e3 Be7 7. Bd3 a6 8. Rc1
dxc4 9. Bxc4 b5 10. Bd3 Bb7 11. a4 O-O 12. O-O b4 13. Ne2 Rc8 14. Ng3 c5 15. Qe2
Qa5 16. Ne5 Nxe5 17. dxe5 Nd5 18. Bxe7 Nxe7 19. Ne4 c4 20. Bb1 Qxe5 21. Rxc4
Rxc4 22. Qxc4 Qd5 23. Qxd5 Bxd5 24. Nc5 a5 25. e4 Bc6 26. Rd1 Rc8 27. b3 Ng6 28.
f3 Nf4 29. Kf2 g6 30. Rd6 Bb5 31. Nxe6 Nxe6 32. axb5 Nc5 33. Rc6 Rxc6 34. bxc6
Ne6 35. Ke3 Kf8 36. Kd3 Ke7 37. Kc4 Kd6 38. Kb5 Nd4+ 39. Kxa5 Nxc6+ 40. Kb5 f6
41. Bd3 h6 42. Bc4 Nd4+ 43. Kxb4 Ke5 44. Kc3 f5 45. exf5 Nxf5 46. Bd3 Ne7 47.
Kc4 g5 48. Kc5 Kf4 49. b4 Ke3 50. Be4 Kf2 51. g3 Kg2 52. f4+ Kxh2 53. fxg5 hxg5
54. g4 Kg3 55. Bf5 Kf4 56. b5 Nxf5 57. gxf5 Kxf5 58. b6 g4 59. b7 g3 60. b8=Q g2
61. Qg3 {Black resigns} 1-0

[Event "Team 45 45 League T36"]
[Site "Internet Chess Club"]
[Date "2008.03.23"]
[Round "9"]
[White "Mikey29a"]
[Black "tammany"]
[Result "0-1"]
[WhiteElo "1675"]
[BlackElo "1636"]
[Opening "Ruy Lopez: closed, 7...O-O"]
[ECO "C88"]
[Time "19:13:13"]
[TimeControl "2700+45"]

1. e4 e5 2. Nf3 Nc6 3. Bb5 a6 4. Ba4 Nf6 5. O-O Be7 6. Re1 b5 7. Bb3 O-O 8. h3
d6 9. d3 Na5 10. Nbd2 c5 11. c3 Nxb3 12. Nxb3 Bb7 13. Nbd2 Qc7 14. b3 Rfe8 15.
Bb2 Bf8 16. c4 g6 17. Nf1 Nh5 18. g4 Nf4 19. Kh2 Qd7 20. Bc1 Bh6 21. Ne3 Bc8 22.
Nd5 Nxd5 23. cxd5 Bxc1 24. Rxc1 h5 25. Rg1 Kg7 26. Rg3 hxg4 27. hxg4 Rh8+ 28.
Kg2 a5 29. Qd2 Qe7 30. g5 a4 31. Rh1 Rxh1 32. Kxh1 axb3 33. axb3 Ra1+ 34. Rg1
Ra3 35. Rb1 Qd7 36. Nh2 Qh3 37. f3 Qd7 38. Ng4 Qd8 39. Nf6 Qh8+ 40. Kg1 c4 41.
dxc4 bxc4 42. bxc4 Rxf3 43. Qg2 Rc3 44. Ng4 Qh4 45. Qh2 Qxg4+ 46. Kf1 Rf3+ 47.
Ke1 Qxe4+ {White resigns} 0-1

[Event "Team 45 45 League T36"]
[Site "Internet Chess Club"]
[Date "2008.03.21"]
[Round "9"]
[White "civilization"]
[Black "fibin"]
[Result "1-0"]
[WhiteElo "1580"]
[BlackElo "1511"]
[Opening "Philidor's defense"]
[ECO "C41"]
[Time "13:05:20"]
[TimeControl "2700+45"]

1. e4 e5 2. Nf3 d6 3. Bc4 Nf6 4. Nc3 Nc6 5. Ng5 Be6 6. Bxe6 fxe6 7. Nxe6 Qd7 8.
Nd5 Nxd5 9. exd5 Nd4 10. Nxd4 exd4 11. Qh5+ g6 12. Qh4 Qg7 13. O-O Qe5 14. d3
Be7 15. Qg4 Qxd5 16. Re1 Qf7 17. Bg5 O-O 18. Bxe7 Qxf2+ 19. Kh1 Rae8 20. Qe2 Qf7
21. Qe6 Qxe6 22. Rxe6 Rf2 23. Bh4 Rxe6 24. Bxf2 Re2 25. Bxd4 Rxc2 26. Bc3 c5 27.
d4 b5 28. a3 a5 29. dxc5 dxc5 30. h3 b4 31. axb4 axb4 32. Be5 h5 33. Ra8+ Kf7
34. Ra6 c4 35. Rf6+ Ke7 36. Rxg6 c3 37. bxc3 b3 38. Kh2 b2 39. Rb6 Kd7 40. c4
{Black forfeits on time} 1-0

[Event "Team 45 45 League T36"]
[Site "Internet Chess Club"]
[Date "2008.03.21"]
[Round "9"]
[White "Mutaant"]
[Black "civilization"]
[Result "1-0"]
[WhiteElo "1434"]
[BlackElo "1557"]
[Opening "Sicilian defense"]
[ECO "B40"]
[Time "22:06:06"]
[TimeControl "2700+45"]

1. e4 c5 2. Nf3 e6 3. Bc4 a6 4. a3 Nc6 5. d3 Nf6 6. O-O d5 7. exd5 exd5 8. Ba2
Be7 9. h3 O-O 10. Nc3 b5 11. Bg5 d4 12. Ne2 Bb7 13. Ng3 h6 14. Bf4 Bd6 15. Qd2
Ne7 16. Nh2 Ned5 17. Bxd6 Qxd6 18. Rae1 Qc6 19. f3 Ne3 20. Rf2 Rfe8 21. Ne4 Re7
22. Rfe2 Rae8 23. Nxf6+ Qxf6 24. Ng4 Nxg4 25. hxg4 Rxe2 26. Rxe2 Rxe2 27. Qxe2
Kf8 28. Qf2 Qf4 29. Qe1 Qd6 30. Kf2 Bd5 31. Bxd5 Qxd5 32. b3 c4 33. Qb4+ Kg8 34.
bxc4 bxc4 35. Qxc4 Qe5 36. Qc8+ Kh7 37. Qf5+ Qxf5 38. gxf5 g5 39. fxg6+ fxg6 40.
f4 Kg7 41. Kf3 Kf6 42. Ke4 h5 43. Kxd4 Kf5 44. Ke3 Kg4 45. Kf2 Kxf4 46. g3+ Ke5
47. Kf3 g5 48. c3 Kd5 49. Ke3 a5 50. c4+ Kd6 51. Ke4 Ke6 52. d4 h4 53. gxh4 gxh4
54. Kf4 h3 55. Kg3 Kf5 56. Kxh3 Ke4 57. d5 Ke5 58. Kg3 Kd6 59. Kf4 Kc5 60. Ke4
Kxc4 61. d6 Kb3 62. d7 Kxa3 63. d8=Q a4 64. Qd3+ Kb2 65. Qe2+ Kb3 66. Qb5+ Ka3
67. Kd4 Ka2 68. Qxa4+ {Black resigns} 1-0

[Event "Team 45 45 League T36"]
[Site "Internet Chess Club"]
[Date "2008.03.22"]
[Round "9"]
[White "EyeAm"]
[Black "moreffee"]
[Result "1/2-1/2"]
[WhiteElo "1386"]
[BlackElo "1377"]
[Opening "Petrov: modern attack, Symmetrical variation"]
[ECO "C43"]
[Time "15:00:15"]
[TimeControl "2700+45"]

1. e4 e5 2. Nf3 Nf6 3. d4 Nxe4 4. dxe5 Bc5 5. Qd5 Nxf2 6. Qxc5 Nxh1 7. Bc4 Nc6
8. Bg5 f6 9. exf6 gxf6 10. Bh4 d6 11. Qh5+ Kd7 12. Qf5+ Ke8 13. Qh5+ Kd7 14.
Qf5+ Ke8 15. Qh5+ {Game drawn by mutual agreement} 1/2-1/2

[Event "Team 45 45 League T36"]
[Site "Internet Chess Club"]
[Date "2008.03.25"]
[Round "9"]
[White "knight2f3"]
[Black "Hastings"]
[Result "0-1"]
[WhiteElo "1391"]
[BlackElo "1260"]
[Opening "King's Indian: East Indian defense"]
[ECO "A48"]
[Time "15:06:32"]
[TimeControl "2700+45"]

1. d4 Nf6 2. Nf3 g6 3. e3 Bg7 4. b3 O-O 5. Bb2 d6 6. Be2 Nbd7 7. O-O b6 8. c4 c5
9. Nc3 cxd4 10. exd4 Bb7 11. Re1 Rc8 12. Qd2 d5 13. Rab1 dxc4 14. bxc4 Ba6 15.
Ba3 Bxc4 16. Bxc4 Rxc4 17. Bxe7 Qc7 18. Bxf8 Bxf8 19. Ne4 Nd5 20. Qg5 Nf4 21.
Ne5 Ne6 22. Qg3 Nxd4 23. Nxc4 Qxc4 24. Rbc1 Ne2+ 25. Rxe2 Qxc1+ {White resigns}
0-1